 Dungeon Crawl Stone Soup version 0.16-b1 (webtiles) character file.

181 wojtek the Cutter (level 5, -7/30 HPs)
             Began as a Kobold Assassin on Mar 14, 2015.
             Killed by nerve-wracking pain
             ... invoked by a shadow imp
              (13 damage)
             ... on level 3 of the Dungeon.
             The game lasted 00:04:59 (2815 turns).

wojtek the Cutter (Kobold Assassin)                 Turns: 2815, Time: 00:05:00

Health: -7/30      AC:  3    Str:  9    XL:     5   Next: 92%
Magic:  5/5        EV: 14    Int:  9    God:
Gold:   113        SH:  0    Dex: 19    Spells: 0 memorised, 4 levels left

rFire  . . .     SeeInvis .     b - +0 blowgun
rCold  . . .     Clarity  .     c - +0 robe
rNeg   . . .     SustAb   .     (no shield)
rPois  .         Gourm    .     (no helmet)
rElec  .         Spirit   .     d - +0 cloak
rCorr  .         Warding  .     (no gloves)
rMut   .         Stasis   .     (no boots)
MR     .....                    (no amulet)
Stlth  ++++......               (no ring)
                                (no ring)

@: lethally poisoned (-7 -> -10), not resistant to hostile enchantments,
stealthy
A: carnivore 3
a: no special abilities


You were on level 3 of the Dungeon.
You were completely stuffed.

You visited 1 branch of the dungeon, and saw 4 of its levels.

You collected 113 gold pieces.

Inventory:

Hand weapons
 a - a +2 dagger
 b - a +0 blowgun (weapon)
 n - a +2 dagger of distortion
Missiles
 e - 33 poisoned needles (quivered)
 f - 5 curare-tipped needles
Armour
 c - a +0 robe (worn)
 d - a +0 cloak (worn)
Scrolls
 i - a scroll of recharging {unknown}
 k - a scroll of amnesia {unknown}
 m - a scroll of noise {unknown}
 o - 3 scrolls of identify {unknown}
 q - 3 scrolls of magic mapping {unknown}
 s - a scroll of fog {unknown}
 u - 3 scrolls of remove curse {unknown}
 w - a scroll of enchant weapon {unknown}
Potions
 j - a potion of cure mutation {unknown}
 r - 2 potions of restore abilities {unknown}
 t - 2 potions of curing {unknown}
Comestibles
 g - 3 meat rations
 h - a beef jerky
 l - a royal jelly
 p - 2 slices of pizza
 v - 2 chunks of flesh


   Skills:
 - Level 2.1 Fighting
 + Level 7.5 Short Blades
 - Level 2.6 Throwing
 - Level 1.2 Dodging
 - Level 5.3 Stealth


You had 4 spell levels left.
You didn't know any spells.

Dungeon Overview and Level Annotations

Branches:
Dungeon (4/15)
 Temple: D:4-7

Altars:
Fedhas
The Shining One

Annotations:
D:1 1 runed door, exclusion: jelly


Innate Abilities, Weirdness & Mutations

You are small and have problems with some larger weapons.
You are carnivorous and can eat meat at any time.


Message History

The worker ant barely misses you.
You climb upwards.
You feel sick.
There is a stone staircase leading down here.
There is a stone staircase leading down here.
You feel sick.
You feel sick. The worker ant bites you.
* * * LOW HITPOINT WARNING * * *
You kill the worker ant!
The shadow imp throws its arms wide.
The dead are crawling!
A worker ant zombie comes into view.
You feel sick.
You feel sick.
A quokka comes into view.
You feel sick.
The shadow imp picks up a beetle and eats it.
You feel sick. The shadow imp gestures at you. Pain shoots through your body!
You die...

%....#.....##...#####
#.รท......
#..#...########.....#
######### ...###.[##
#####.## #.## ##..#######
#..###### #.# #........#
##......# #.# #....5...#
######.###### #.#
#........# #......# ..#
#........############....#
#.#
#......Z..@(.....####....#
#.#
#..........#####....#....#
### #.........r.#
####......# #...........#
###....# #...........#
#....# #########...#
#....# #...# #....# ##.##
#....# ### ######


You could see a shadow imp, a worker ant zombie and a quokka.

Vanquished Creatures
  A worker ant (D:3)
  Jessica (D:3)
  3 gnolls (D:2)
  A giant mite (D:3)
  2 adders
  3 worms
  A giant gecko (D:3)
  An orc (D:3)
  7 bats
  8 hobgoblins
  7 kobolds
  2 quokkas
  A ball python (D:2)
  A ball python skeleton (D:3)
  2 giant cockroaches
  5 giant newts
  13 goblins
  6 jackals
  13 rats
78 creatures vanquished.

Notes
Turn   | Place    | Note
--------------------------------------------------------------
     0 | D:1      | wojtek, the Kobold Assassin, began the quest for the Orb.
     0 | D:1      | Reached XP level 1. HP: 12/12 MP: 1/1
     0 | D:1      | Noticed a jelly
     1 | D:1      | Found a runed door.
   166 | D:1      | Reached XP level 2. HP: 17/17 MP: 2/2
   614 | D:2      | Reached XP level 3. HP: 21/21 MP: 3/3
  1032 | D:2      | Found a blossoming altar of Fedhas.
  1092 | D:2      | Reached skill level 5 in Short Blades
  1343 | D:2      | Reached XP level 4. HP: 22/26 MP: 4/4
  1778 | D:2      | Reached skill level 6 in Short Blades
  1828 | D:2      | Found a glowing golden altar of the Shining One.
  1980 | D:3      | Reached XP level 5. HP: 24/30 MP: 5/5
  2397 | D:3      | Noticed Jessica
  2404 | D:3      | Killed Jessica
  2469 | D:3      | Reached skill level 7 in Short Blades
  2815 | D:3      | Killed from afar by a shadow imp

Action                   |  1- 3 |  4- 6 || total
-------------------------+-------+-------++-------
Melee: Dagger            |    83 |   134 ||   217
 Fire: Blowgun           |     6 |    15 ||    21
 Stab: Sleeping          |    11 |     7 ||    18
  Eat: Chunk             |     9 |     5 ||    14
